Cogmind - Beta 15 @@@ ROGUE MODE // 2025.05.27 @ 21:33:48 Player: Sinthome Result: Destroyed by 8R-AWN with 8R-AWN's Boregun Performance ------------- Evolutions (0) 0 Regions Visited (3) 600 Robots Destroyed (9) 45 Value Destroyed (187) 187 Prototype IDs (23) 460 Alien Tech Used (0) 0 Bonus (-58) -58 TOTAL SCORE: 1234 Bonus ------- Aligned with FarCom 300 Friendly Fire -358 Cogmind --------- Core Integrity 0/250 Matter 148/300 Energy 100/100 System Corruption 0% Temperature Cool (0) Movement Core (700) Ox13 Location -10/Exiles Parts ------- > --- POWER (1) -------- (None) > --- PROPULSION (2) --- (None) > --- UTILITY (2) ------ High-capacity Storage Unit > --- WEAPON (2) ------- (None) > --- INVENTORY (20) --- Light Ion Engine Light Treads Light Treads Light Treads Medium Storage Unit Large Storage Unit Sensor Array Sensor Array Targeting Computer Core Shielding Core Shielding EM Pulse Gun EM Pulse Gun Assault Rifle AWS/Autocannon Grenade Launcher Mining Claw Peak State ------------ > --- POWER ------------ Light Ion Engine > --- PROPULSION ------- Light Treads Light Treads > --- UTILITY ---------- High-capacity Storage Unit Light Armor Plating > --- WEAPON ----------- Grenade Launcher Grenade Launcher > --- INVENTORY -------- Light Ion Engine Light Treads Light Treads Light Treads Light Treads Medium Storage Unit Large Storage Unit Sensor Array Sensor Array Targeting Computer Core Shielding Core Shielding EM Pulse Gun EM Pulse Gun Assault Rifle AWS/Autocannon Grenade Launcher Mining Claw [Rating: 11] Favorites ----------- Power Light Ion Engine Engine Light Ion Engine Propulsion Light Treads Treads Light Treads Wheel Compact Wheel Utility Light Armor Plating Storage High-capacity Storage Unit Protection Light Armor Plating Weapon Grenade Launcher Energy Gun EM Pulse Gun Ballistic Gun Assault Rifle Launcher Grenade Launcher Build | -11 -10 -10 -10 ------- Run | Yrd Mat Min Exi Slots Evolved . | . . . . Power . | . . . . Propulsion . | . . . . Utility . | . . . . Weapon . | . . . . Parts Attached 14 | 7 6 . 1 Power 1 | 1 . . . Engine 1 | 1 . . . Core . | . . . . Reactor . | . . . . Propulsion 4 | 3 . . 1 Treads 3 | 2 . . 1 Leg . | . . . . Wheel 1 | 1 . . . Hover . | . . . . Flight . | . . . . Utility 5 | 1 4 . . Device . | . . . . Storage 4 | 1 3 . . Processor . | . . . . Hackware . | . . . . Protection 1 | . 1 . . Artifact . | . . . . Weapon 4 | 2 2 . . Energy Gun 1 | 1 . . . Energy Cannon . | . . . . Ballistic Gun 1 | 1 . . . Ballistic Cannon . | . . . . Launcher 2 | . 2 . . Special Weapon . | . . . . Impact Weapon . | . . . . Slashing Weapon . | . . . . Piercing Weapon . | . . . . Special Melee Weapon . | . . . . Unidentified Prototypes . | . . . . Parts Lost 7 | . . . 7 Power 1 | . . . 1 Propulsion 3 | . . . 3 Utility 1 | . . . 1 Weapon 2 | . . . 2 Highest Loss Streak 4 | . . . 4 To Critical Strikes 1 | . . . 1 Average Backups 16 | 2 12 20 19 Power . | . 1 1 1 Propulsion 4 | 1 3 7 5 Utility 5 | . 4 7 7 Weapon 4 | . 3 5 5 Tool/Special . | . . . . Unused Backups 22 | . 5 . 17 Power 1 | . . . 1 Propulsion 10 | . 4 . 6 Utility 6 | . . . 6 Weapon 5 | . 1 . 4 Tool/Special . | . . . . Average Slot Usage (%) 98 | . 99 100 98 Engine 13 | . 14 14 13 Treads 28 | . 28 28 28 Storage 14 | . 14 14 14 Protection 13 | . 13 14 13 Launcher 26 | . 25 28 27 Peak Build Rating 11 | 6 9 9 11 Average Rating 8 | 5 7 9 9 On Entrance 6 | . 6 9 9 Naked Turns . | . . . . Heaviest Build 52 | 12 52 52 52 Greatest Support 40 | 40 40 40 40 Greatest Overweight (x) 13 | 3 1 1 13 Average Overweight (x) . | . . 1 1 Largest Inventory Capacity 20 | 8 20 20 20 Average Capacity 17 | 7 14 20 20 Most Carried 20 | 4 20 20 20 Average Carried 16 | 2 12 20 19 Final Capacity 20 | 8 20 20 20 Final Carried 20 | 4 20 20 19 Class Distribution -------------------- 100% | Mutant Dominant Class ---------------- Mutant | -10/Materials Mutant | -10/Mines Mutant | -10/Exiles Resources | -11 -10 -10 -10 ----------- Run | Yrd Mat Min Exi Matter Collected 326 | 124 50 150 2 Remotely . | . . . . Salvage Created 165 | . 136 . 29 Parts 15 | . 15 . . Haulers Intercepted 1 | . 1 . . Recyclers Shooed . | . . . . Parts Field Recycled . | . . . . Retrieved Matter . | . . . . Parts Self-Destructed . | . . . . Prevented . | . . . . Kills | -11 -10 -10 -10 ------- Run | Yrd Mat Min Exi Combat Hostiles Destroyed 11 | . 6 . 5 AOE 11 | . 6 . 5 Classes Destroyed 6 | . 5 . 1 Tunneler 1 | . 1 . . Hauler 1 | . 1 . . Watcher 1 | . 1 . . Swarmer 3 | . 3 . . Grunt 3 | . 3 . . Assembled 7 | . . . 7 Best Kill Streak 5 | . 3 . 5 Combat Bots Only 5 | . 3 . 5 Max Kills in Single Turn 5 | . 2 . 5 Gunslinging . | . . . . Exploded 5 | . 2 . 5 Melee . | . . . . Uniques/NPCs Destroyed . | . . . . Combat | -11 -10 -10 -10 -------- Run | Yrd Mat Min Exi Hostile Shots Fired 73 | . 23 . 50 Missed 18 | . 6 . 12 Hits 55 | . 17 . 38 Projectile 55 | . 17 . 38 Critical Strikes 15 | . . . 15 Damage Taken 1104 | . 272 . 832 Core 256 | . 34 . 222 Absorbed by Shields . | . . . . Core Remaining (%) 100 | 100 . . . Volleys Fired 9 | . 7 . 2 Largest 2 | . 2 . 2 Hottest 60 | . 60 . 60 Shots Fired 18 | . 14 . 4 Gun . | . . . . Cannon . | . . . . Launcher 18 | . 14 . 4 Special . | . . . . Kinetic . | . . . . Thermal . | . . . . Explosive 18 | . 14 . 4 Electromagnetic . | . . . . Robot Hit Streak 6 | . 3 . 6 Robot Miss Streak 2 | . 2 . . Penetration Max . | . . . . Secondary Targets . | . . . . Shots Hit Robots 7 | . 4 . 3 Core Hits 26 | . 14 . 12 Critical Kills . | . . . . Critical Parts Destroyed . | . . . . Critical Strikes . | . . . . Melee Attacks . | . . . . Impact . | . . . . Slashing . | . . . . Piercing . | . . . . Sneak Attacks . | . . . . Combat Hostiles . | . . . . Follow-up Attacks . | . . . . Damage Inflicted 842 | . 527 5 310 Guns . | . . . . Cannons . | . . . . Explosions 837 | . 527 . 310 Melee . | . . . . Ramming 5 | . . 5 . Kinetic . | . . . . Thermal . | . . . . Explosive 837 | . 527 . 310 Electromagnetic . | . . . . Impact . | . . . . Slashing . | . . . . Piercing . | . . . . Highest Corruption . | . . . . Average Corruption . | . . . . Corruption Purged . | . . . . Corruption Blocked . | . . . . Overload Shots . | . . . . Overflow Damage . | . . . . Projectiles . | . . . . Explosions . | . . . . Melee . | . . . . Knockbacks 1 | . . 1 . Impact 1 | . . 1 . Kinetic . | . . . . Secondary . | . . . . Self-Inflicted Damage 197 | . 99 . 98 Shots 9 | . 6 . 3 Rammed 2 | . . 1 1 Targets Rammed 2 | . . 1 1 Kicked . | . . . . Crushed . | . . . . Highest Temperature 30 | . 30 . 3 Average Temperature 10 | . 10 . 2 Received Heat Transfer 84 | . 84 . . Siege Activations . | . . . . Martial Activations . | . . . . Shielding Activations . | . . . . Robots Disrupted . | . . . . Combat Hostiles . | . . . . Robots Corrupted . | . . . . Combat Hostiles . | . . . . Parts Fried . | . . . . Impact Corruptions . | . . . . Robots Melted . | . . . . Combat Hostiles . | . . . . Parts Melted . | . . . . Heat Transferred . | . . . . Parts Sabotaged . | . . . . Parts Stolen . | . . . . Parts Stripped . | . . . . Power Chain Reactions . | . . . . Alert | -11 -10 -10 -10 ------- Run | Yrd Mat Min Exi Maximum Alert Level 1 | . 1 . . Low Security (%) 99 | 100 99 100 . Level 1 . | . . . . Level 2 . | . . . . Level 3 . | . . . . Level 4 . | . . . . Level 5 . | . . . . High Security . | . . . . Max Security . | . . . . Peak Influence 206 | . 206 30 . Initial 30 | . . 30 . Average 56 | . 83 4 . Influence Increases 306 | . 306 . . Destroy 0b10 Robot/C 120 | . 120 . . Destroy 0b10 Robot/NC 15 | . 15 . . Destroy Leader 24 | . 24 . . Disable Machine 45 | . 45 . . Destroy Structure 102 | . 102 . . Influence Decreases 306 | . 228 78 . Entered New Map 48 | . . 48 . Time Decay 258 | . 228 30 . Squads Dispatched 2 | . 2 . . Investigation 1 | . 1 . . Extermination . | . . . . Reinforcement 1 | . 1 . . Assault . | . . . . Garrison . | . . . . Intercept . | . . . . Searches Triggered . | . . . . Construction Impeded . | . . . . Haulers Reinforced . | . . . . Active Scanning Responses . | . . . . Cargo Convoy Interrupts . | . . . . Stealth | -11 -10 -10 -10 --------- Run | Yrd Mat Min Exi Distress Signals . | . . . . Communications Jammed . | . . . . Distress Signals . | . . . . Times Spotted 18 | . 10 . 8 Peak Tracking Total 8 | . 4 . 8 Tactical Retreats 1 | . . . 1 Traps | -11 -10 -10 -10 ------- Run | Yrd Mat Min Exi Traps Triggered 1 | . 1 . . Indirectly . | . . . . Trap Hack Attempts . | . . . . Triggered . | . . . . Disarmed . | . . . . Reprogrammed . | . . . . Reused . | . . . . Traps Extracted . | . . . . Installed . | . . . . Triggered . | . . . . Machines | -11 -10 -10 -10 ---------- Run | Yrd Mat Min Exi Machines Disabled 6 | . 3 . 3 Max in Single Turn 2 | . 2 . 2 Machines Repaired . | . . . . Machines Dismantled . | . . . . Machines Sabotaged . | . . . . Overloaded Fab Kills . | . . . . Hacking | -11 -10 -10 -10 --------- Run | Yrd Mat Min Exi Machines Accessed 3 | . 2 . 1 Terminals 2 | . 2 . . Fabricators . | . . . . Repair Stations . | . . . . Recycling Units . | . . . . Scanalyzers . | . . . . Garrison Access . | . . . . Total Hacks 4 | . 3 . 1 Successful 2 | . 1 . 1 Failed 2 | . 2 . . Catastrophic 1 | . 1 . . Database Lockouts . | . . . . Manual 2 | . . . 2 Terminals 3 | . 3 . . Fabricators . | . . . . Repair Stations . | . . . . Recycling Units . | . . . . Scanalyzers . | . . . . Garrison Access . | . . . . Terminal Hacks 2 | . 1 . 1 Zone Layout 1 | . 1 . . Proto ID Catalog 1 | . . . 1 Fabricator Hacks . | . . . . Repair Station Hacks . | . . . . Recycling Unit Hacks . | . . . . Scanalyzer . | . . . . Garrison Access Hacks . | . . . . Unauthorized Hacks . | . . . . Terminals . | . . . . Fabricators . | . . . . Repair Stations . | . . . . Recycling Units . | . . . . Scanalyzers . | . . . . Garrison Access . | . . . . Data Cores Recovered . | . . . . Used . | . . . . Hacking Detections 1 | . 1 . . Full Trace Events 1 | . 1 . . Feedback Events . | . . . . Feedback Blocked . | . . . . Robot Schematics Acquired . | . . . . Robots Built . | . . . . Authchips . | . . . . Time . | . . . . Total Robot Build Rating . | . . . . Part Schematics Acquired . | . . . . Parts Built . | . . . . Authchips . | . . . . Time . | . . . . Total Part Build Rating . | . . . . Parts Repaired . | . . . . Time . | . . . . Parts Recycled . | . . . . Recycled Matter . | . . . . Retrieved Matter . | . . . . Retrieved Components . | . . . . Parts Scanalyzed . | . . . . Part Schematics Acquired . | . . . . Parts Damaged . | . . . . Bothacking | -11 -10 -10 -10 ------------ Run | Yrd Mat Min Exi Used RIF Installer . | . . . . Robots Hacked . | . . . . Non-combat . | . . . . Combat . | . . . . Robot Hacks Applied . | . . . . Relay Couplers Released . | . . . . Fabnet Peak Effective % . | . . . . Robots Rewired . | . . . . Allies Hacked . | . . . . Hacks Repelled . | . . . . Allies | -11 -10 -10 -10 -------- Run | Yrd Mat Min Exi Total Allies . | . . . . Largest Group . | . . . . Highest-Rated Group . | . . . . Highest-Rated Ally . | . . . . Total Orders . | . . . . Ally Attacks . | . . . . Total Damage . | . . . . Kills . | . . . . Allies Corrupted . | . . . . Allies Melted . | . . . . Intel | -11 -10 -10 -10 ------- Run | Yrd Mat Min Exi Active Infowar (turns) . | . . . . Robot Analysis Total . | . . . . Derelict Logs Recovered . | . . . . Drone Launches . | . . . . Drone Recoveries . | . . . . Exploration | -11 -10 -10 -10 ------------- Run | Yrd Mat Min Exi Turns Passed 2517 | 99 728 260 1430 Spaces Moved 1156 | 55 401 108 592 Core 10 | 9 . . 1 Treads 1143 | 43 401 108 591 Legs . | . . . . Wheels 3 | 3 . . . Hover . | . . . . Flight . | . . . . Fastest Speed 50 | 50 160 240 160 Average Speed 210 | 156 167 240 239 Slowest Speed 700 | 200 240 240 700 Overloaded Moves . | . . . . Propulsion Burnouts . | . . . . Robots Hopped . | . . . . Potential Cave-ins . | . . . . Cave-ins Triggered . | . . . . Exploration Rate (%) 37 | 4 46 20 80 Regions Visited 3 Branch Regions 2 Pre-discovered Areas . | . . . . Known Exits Taken . | . . . . Unknown Exits Taken 3 | 1 1 1 . Scrap Searched . | . . . . Spaces Dug 11 | . 11 . . Terrain Destroyed 133 | . 107 . 26 Melee . | . . . . Projectile . | . . . . AOE 133 | . 107 . 26 Terrain Rammed . | . . . . Walls Destroyed . | . . . . Machines Disabled . | . . . . Actions | -11 -10 -10 -10 --------- Run | Yrd Mat Min Exi Total 1222 | 65 445 108 604 Wait . | . . . . Move 1153 | 54 400 107 592 Hop . | . . . . Pick Up 27 | 3 23 . 1 Fast Attach 8 | 7 1 . . Attach 1 | . . . 1 Detach 1 | 1 . . . Swap 5 | . 5 . . Drop 12 | . 9 . 3 Fire 9 | . 7 . 2 Melee . | . . . . Ram . | . . . . Kick . | . . . . Crush 2 | . . 1 1 Escape Stasis . | . . . . Rewire 4 | . . . 4 Trap . | . . . . Miscellaneous . | . . . . Route ------- -11/Scrapyard -10/Materials -10/Mines -10/Exiles History --------- Turn | Location | Event 23 | -11/Scrapyard | Discovered new exit (range 15) 100 | -11/Scrapyard | Entered Materials 310 | -10/Materials | Build established: Mutant 685 | -10/Materials | Discovered new exit (range 16) 828 | -10/Materials | Entered Mines 912 | -10/Mines | Found a hidden stash of uninstalled traps 1071 | -10/Mines | Deemed a non-threat by the Exiles lab entrance 1073 | -10/Mines | Discovered new exit (range 5) 1088 | -10/Mines | Entered Exiles 1172 | -10/Exiles | Met 8R-AWN 1223 | -10/Exiles | Met EX-HEX 1396 | -10/Exiles | Met EX-DEC 1466 | -10/Exiles | Visited The Gauntlet 1859 | -10/Exiles | Met EX-BIN 1904 | -10/Exiles | Aligned with FarCom system 1907 | -10/Exiles | Given EX-Vault access code 1979 | -10/Exiles | Opened EX-Vault 2007 | -10/Exiles | Found AWS/Autocannon 2125 | -10/Exiles | Warned to stay clear of 0b10 Research branches 2452 | -10/Exiles | Attacked by the Exiles 2477 | -10/Exiles | Core integrity fell below 50% 2494 | -10/Exiles | Lost 4 parts (1p1n2w) 2516 | -10/Exiles | Core integrity fell below 20% 2518 | -10/Exiles | Destroyed by 8R-AWN with 8R-AWN's Boregun Last Messages --------------- 02480_ The unstable cave ceiling collapses. 02482_ Penetrated by HV Slug. 02482_ HV Slug penetrates Machine. 02482_ Penetrated by HV Slug. 02485_ HV Slug penetrates Machine. 02488_ Penetrated by HV Slug. 02495_ HV Slug penetrates Machine. 02495_ Machine disabled. 02495_ Penetrated by HV Slug. 02495_ Critical hit (Destroy). 02495_ Lgt. Armor Plating destroyed. 02497_ Penetrated by HV Slug. 02499_ HV Slug penetrates Machine. 02499_ HV Slug penetrates Wall. 02502_ Penetrated by HV Slug. 02504_ Slammed into S3-7V5(z). 02511_ Penetrated by HV Slug. 02513_ Lgt. Treads destroyed. 02515_ HV Slug penetrates Wall. 02515_ Penetrated by HV Slug. Map ----- +----------------------------------------------------+ | ???????????" ?????????# """##??????? | | ??????????"" ??????????#" "X" """""??????? | | ??????????"" "?????????#" """ # ??????? | | ?????????? ""?????????#" """""""""#???????? | | ???????????" "?????????##" ###########???????? | | ???????????# #????????##"" #?????????????????? | | #####????### ###?######"" #?????????????????? | | """#####X# #"###""""""" ##????????????????? | | """""" " "" ##???###########?? | | "" """ " #####"""""""""##? | | " " " """ """"## | | "" " # | | # " """# | | ## " "# | | ?## " "# | | ??##" "" | | ???#""" """""" " | | ??##" ######""" | | ??#"" ""##????#####""" | | ?##""" """##?????????##""" | | ?#""" """##???????????#"""" | | ?#""" ""#???????????##"" | | ?#"" ########??####"""" | | ?#""" ##aaa####""" | | ?#"" """" | | ?##"" @ | | ??#"""" % | | ??## | | ???#" " % "" | | ???#"""" ""## ## " | | ???#"" ""#### ######" " # | | ???#" """"##??# #????###""""## # | | ???#""" """#??## ####???####### # | | ???## ""##??#! "!#?????????######## | | ????#"" """##???#" !#????????????????? | | ????##""" ##????#" "#????????????????? | | ?????##"""" ##?????#!!""!"#????????????????? | | ??????### #??????########????????????????? | | ????????##### ##??????????????????????????????? | | ????????????## #???????????????????????????????? | | ?????????????# #???????????????????????????????? | | ?????????????# #???????????????????????????????? | | ?????????????# #???????????????????????????????? | | ?????????????# #???????????????????????????????? | | ???"""""?????# #???????????????????????????????? | | ???""""""????# #???????????????????????????????? | | ???" """"???# #???????????????????????????????? | | ???"" """???# #???????????????????????????????? | | ???"" ""???# #???????????????????????????????? | | #####"""###### ########????????????????????????? | +----------------------------------------------------+ Best States ------------- Heat Dissipation 25 Energy Generation 10 Energy Capacity 125 Matter Stores 156 Matter Capacity 300 Sight Range 16 Terrain Scan Density 10 Armor Coverage 150 Evasion (%) 40 Recoil Reduction 2 Item Schematics ----------------- None Robot Schematics ------------------ None Fabricated ------------ Nothing Repaired ---------- Nothing Alien Tech Used ----------------- None Achievements -------------- Quick And Dirty Challenges ------------ None Game ------ Seed TachyonMeleeMount Manual? 1 Play Time 00:15:49 Cumulative 20.0 hours Start 2025.05.27 @ 21:20:04 End 2025.05.27 @ 21:33:48 Sessions 1 Manual Loads 0 Difficulty Rogue Special Mode None Game No. 23 Rogue 23 Adventurer 0 Explorer 0 Win Type - Total 0 Types 0/0/0/0/0/0/0/0/0/0 Lore% 10 Gallery% 22 Achievement% 17 Wizard Run 0 Options --------- Layout 0 ASCII 0 Keyboard 0 Movement Arrows Keybinds 0 Fullscreen 1 Font 24/X11 Map View 76x50 Zoom Use 0% Tactical HUD 1 Map Filters NONE Filters NONE Steam 1 RUN: e0d4456d-3f29-48b4-9bae-ec4cb1ea49c6